 Dungeon Crawl Stone Soup version 0.24.0-125-gc4c63601f3 (webtiles) character file.

Game seed: 678635677555064861, levelgen mode: deterministic

10636 4FPSwarrior the Fighter (level 11, 0/90 HPs)
             Began as a Demonspawn Monk on Mar 10, 2020.
             Was a High Priest of Kikubaaqudgha.
             Slain by a black mamba (13 damage)
             ... on level 1 of the Lair of Beasts.
             The game lasted 01:31:04 (20115 turns).

4FPSwarrior the Fighter (Demonspawn Monk)          Turns: 20115, Time: 01:31:04

Health: 0/90       AC: 11    Str: 16    XL:     11   Next: 38%
Magic:  0/19       EV: 13    Int: 13    God:    Kikubaaqudgha [*****.]
Gold:   676        SH:  0    Dex: 21    Spells: 11/21 levels left

rFire    + . .     SeeInvis .   y - +4 halberd
rCold    . . .     Gourm    .   (shield currently unavailable)
rNeg     . . .     Faith    .   N - +2 ring mail {rF+}
rPois    .         Spirit   +   Q - +0 hat
rElec    .         Reflect  .   (no cloak)
rCorr    .         Harm     .   O - +2 pair of gloves {Str+3}
MR       +....                  K - +0 pair of boots
Stlth    +++.......             (no amulet)
HPRegen  0.25/turn              E - ring of protection from magic
MPRegen  0.16/turn              x - +5 ring of dexterity

@: silence
A: antennae 2, nightstalker 2, magic shield, sturdy frame 2
a: Renounce Religion


You were on level 1 of the Lair of Beasts.
You worshipped Kikubaaqudgha.
Kikubaaqudgha was extremely pleased with you.
You were very hungry.

You visited 3 branches of the dungeon, and saw 13 of its levels.

You collected 676 gold pieces.

Inventory:

Hand Weapons
 r - the +1 rapier "Xudghihut" {pierce, MP+9 Int+4}
   (You took it off an orc wizard on level 11 of the Dungeon)

   It inflicts extra damage upon your enemies.
   It affects your intelligence (+4).
   It affects your magic capacity (+9).
 s - the +1 rapier of Bad Pest {pain, *Slow MR+ Int+5}
   (You took it off an orc on level 9 of the Dungeon)

   In the hands of one skilled in necromantic magic, it inflicts extra damage on
   living creatures.
   It affects your intelligence (+5).
   It affects your resistance to hostile enchantments.
   It may slow you when you take damage.
 y - a +4 halberd (weapon)
 I - a +4 war axe
 J - the cursed +2 short sword of the Fool {freeze, rElec rC+, unknown}
   (You found it on level 7 of the Dungeon)

   It has been specially enchanted to freeze those struck by it, causing extra
   injury to most foes and up to half again as much damage against particularly
   susceptible opponents.
   It can also slow down cold-blooded creatures.
   It protects you from cold.
   It insulates you from electricity.
   It has a curse placed upon it.
Missiles
 e - 265 stones
 g - 137 sling bullets
 k - 42 poisoned darts (quivered)
 L - 4 throwing nets
Armour
 D - a +0 buckler
 K - a +0 pair of boots (worn)
 N - a +2 ring mail of fire resistance (worn)
 O - a +2 pair of gloves of strength (worn)
 Q - a +0 hat (worn)
 R - a +0 shield
Jewellery
 l - a +1 ring of slaying
 o - an uncursed ring of stealth
 t - an uncursed ring of protection from magic
 x - a +5 ring of dexterity (right hand)
 E - a ring of protection from magic (left hand)
Wands
 j - a wand of disintegration (18)
 v - a wand of flame (17)
 A - a wand of random effects (18)
Scrolls
 b - 2 scrolls of identify
 f - a scroll of magic mapping
 m - 5 scrolls of amnesia
 p - a scroll of enchant weapon
 w - 2 scrolls of enchant armour
 C - a scroll of fog {unknown}
 F - a scroll of remove curse
 H - a scroll of silence
 M - 2 scrolls of fear {unknown}
Potions
 d - a potion of mutation
 B - a potion of cancellation
Comestibles
 c - 19 rations


   Skills:
 * Level 9.9 Fighting
 * Level 9.2 Polearms
 + Level 0.2 Armour
 + Level 2.7 Dodging
 - Level 1.7 Stealth
 + Level 0.0 Shields
 + Level 5.5 Spellcasting
 + Level 4.8 Charms
 * Level 8.4 Necromancy
 + Level 3.9 Earth Magic


You had 11 spell levels left.
You knew the following spells:

 Your Spells              Type           Power        Failure   Level  Hunger
a - Pain                  Necr           ####         1%          1    None
b - Regeneration          Chrm/Necr      ###.......   3%          3    ###....
c - Animate Skeleton      Necr           N/A          1%          1    None
d - Borgnjor's Vile Clut  Necr/Erth      ###.......   38%         5    ######.

Your spell library contained the following spells:

 Spells                   Type           Power        Failure   Level  Hunger
 Sublimation of Blood     Necr           ####......   1%          2    ##.....
 Sandblast                Erth           ##....       3%          1    None
 Animate Dead             Necr           N/A          6%          4    ####...
 Passwall                 Tmut/Erth      #.......     13%         2    ##.....
 Agony                    Necr           ####....     17%         5    ######.
 Dispel Undead            Necr           ####....     17%         5    ######.
 Apportation              Tloc           #.....       21%         1    None
 Beastly Appendage        Tmut           #.....       21%         1    None
 Confusing Touch          Hex            #.....       21%         1    None
 Summon Small Mammal      Summ           #...         21%         1    None
 Stone Arrow              Conj/Erth      #.....       26%         3    ###....
 Sticks to Snakes         Tmut           #.......     30%         2    ##.....
 Confuse                  Hex            #.......     52%         3    ###....
 Gell's Gravitas          Tloc           #.........   52%         3    ###....
 Spider Form              Tmut/Pois      #.........   52%         3    ###....
 Petrify                  Tmut/Erth      #.......     65%         4    ####...
 Lee's Rapid Deconstruct  Erth           ##........   71%         5    ######.
 Ice Form                 Ice/Tmut       #.......     89%         4    ####...
 Blade Hands              Tmut           #.........   99%         5    ######.
 Metabolic Englaciation   Hex/Ice        #.........   99%         5    ######.
 Yara's Violent Unravell  Hex/Tmut       #.........   99%         5    ######.
 Simulacrum               Ice/Necr       ##........   99%         6    #######


Dungeon Overview and Level Annotations

Branches:
Dungeon (11/15)            Temple (1/1) D:4            Lair (1/6) D:9
    Orc (0/2) D:11

Altars:
Ashenzari
Cheibriados
Dithmenos
Elyvilon
Fedhas
Gozag
Kikubaaqudgha
Makhleb
Nemelex Xobeh
Qazlal
Ru
Sif Muna
Trog
Uskayaw
Vehumet
Xom
Yredelemnul
Zin
The Shining One

Portals:
Trove: D:10 (give +8 demon blade)

Annotations:
D:3 Grinder
D:7 Joseph
D:8 Harold
D:9 exclusion: troll
D:10 exclusion: door


Innate Abilities, Weirdness & Mutations

You have a pair of antennae on your head.
You are significantly more attuned to the shadows.
When hurt, damage is shared between your health and your magic reserves.
Your movements are less encumbered by armour. (ER -4)


Message History

Your yak skeleton is destroyed!
You feel sick.
Evoke which item? (* to show all) (? for menu, Esc to quit)
Aiming: Disintegrate
Press: ? - help, Shift-Dir - straight line, f - black mamba, p - black mamba
Aim: a black mamba (lightly wounded, chance to defeat MR: 65%)
The black mamba is blasted!
The black mamba bites you!
* * * LOW HITPOINT WARNING * * *
The black mamba bites you!
* * * LOW HITPOINT WARNING * * *
You feel better. The black mamba bites you.
* * * LOW HITPOINT WARNING * * *
The black mamba misses you.
You feel better. The black mamba completely misses you.
The black mamba bites you but does no damage.
As you read the scroll labeled YJIEGE CATTU, it crumbles to dust.
A profound silence engulfs you.
It was a scroll of silence.
The black mamba misses you. The black mamba bites you!
You die...
Kikubaaqudgha rasps: "You have failed me!
Welcome... death!"

###### ####
####P##.#####P†########
...........†%†SS@.....#
...........##.######.##
...........#### ##..#
...........# ## #..##
...........# #.###..#
............. .......#
............. .......#
.......# .......##


You could see 2 black mambas.

Vanquished Creatures
  A two-headed ogre (D:10)
  2 ugly things
  2 trolls
  3 hippogriffs
  Sigmund (D:2)
  7 yaks
  A wraith (D:10)
  A wyvern (D:10)
  2 hungry ghosts
  2 basilisks
  A water moccasin (Lair:1)
  4 orc warriors
  An ice beast (D:10)
  6 sky beasts
  An eye of draining (D:8)
  A phantom (D:5)
  A necrophage (D:5)
  3 ogres
  8 centaurs
  2 big kobolds
  8 bullfrogs
  A wyvern zombie (D:10)
  2 wyvern skeletons
  3 scorpions
  3 killer bees
  8 wights
  2 howler monkeys
  6 crimson imps
  2 centaur zombies
  A quasit (D:8)
  A bullfrog zombie (D:11)
  4 hounds
  4 jellies
  A bullfrog skeleton (D:7)
  5 orc priests
  6 orc wizards
  A centaur skeleton (D:10)
  3 iguanas
  Terence (D:2)
  8 worker ants
  A hound zombie (D:5)
  A hound skeleton (D:10)
  A howler monkey zombie (D:5)
  A worker ant zombie (D:10)
  12 adders
  7 gnolls
  2 howler monkey skeletons
  2 shadow imps
  3 oozes
  3 adder skeletons
  2 worms
  5 dart slugs
  11 leopard geckos
  39 orcs
  2 ball pythons
  5 bats
  3 giant cockroaches
  7 hobgoblins
  12 jackals
  5 kobolds
  6 quokkas
  A ball python skeleton (D:5)
  5 frilled lizards
  A giant cockroach zombie (D:5)
  10 goblins
  A jackal zombie (D:7)
  2 quokka skeletons
  A quokka zombie (D:5)
  5 rats
276 creatures vanquished.

Vanquished Creatures (collateral kills)
  A basilisk (D:9)
  A black bear (D:11)
  An eye of draining (D:10)
  4 ogres
  4 centaurs
  2 killer bees (D:10)
  An orc wizard (D:11)
  A worker ant (D:10)
  2 gnolls (D:7)
  An adder (D:10)
  An orc (D:11)
19 creatures vanquished.

Vanquished Creatures (others)
  A plant (Lair:1)
1 creature vanquished.

Grand Total: 296 creatures vanquished

Notes
Turn   | Place    | Note
-------+----------+-------------------------------------------
     0 | D:1      | 4FPSwarrior the Demonspawn Monk began the quest for the
                  | Orb.
     0 | D:1      | Reached XP level 1. HP: 18/18 MP: 1/1
   397 | D:1      | Gained mutation: Your movements are slightly less
                  | encumbered by armour. (ER -2) [demonic ancestry]
   397 | D:1      | Reached XP level 2. HP: 22/24 MP: 2/2
  1362 | D:2      | Found a shattered altar of Ashenzari.
  1362 | D:2      | Noticed Terence
  1475 | D:2      | Reached XP level 3. HP: 27/30 MP: 3/3
  1633 | D:2      | Killed Terence
  1940 | D:2      | Reached XP level 4. HP: 36/37 MP: 4/4
  2036 | D:2      | Noticed Sigmund
  2463 | D:3      | Noticed Grinder
  2693 | D:2      | Found a basalt altar of Yredelemnul.
  2906 | D:2      | Killed Sigmund
  2906 | D:2      | Reached skill level 5 in Fighting
  2906 | D:2      | Gained mutation: Your movements are less encumbered by
                  | armour. (ER -4) [demonic ancestry]
  2906 | D:2      | Reached XP level 5. HP: 32/44 MP: 5/5
  2906 | D:2      | Reached XP level 6. HP: 38/51 MP: 6/6
  3116 | D:2      | Found a white marble altar of Elyvilon.
  3720 | D:4      | Found a staircase to the Ecumenical Temple.
  3725 | Temple   | Entered the Ecumenical Temple
  3849 | Temple   | Became a worshipper of Kikubaaqudgha
  3849 | Temple   | Reached * piety under Kikubaaqudgha
  3849 | Temple   | Identified Kikubaaqudgha's Volume of Black Secrets
                  | (Kikubaaqudgha gifted it to you in the Ecumenical Temple)
  3849 | Temple   | Received a gift from Kikubaaqudgha
  3849 | Temple   | Reached ** piety under Kikubaaqudgha
  3859 | Temple   | Learned a level 1 spell: Pain
  3863 | Temple   | Learned a level 3 spell: Regeneration
  4248 | D:4      | Reached skill level 5 in Polearms
  4279 | D:4      | Reached skill level 1 in Necromancy
  4423 | D:4      | Reached skill level 1 in Spellcasting
  4598 | D:4      | Learned a level 1 spell: Animate Skeleton
  4822 | D:5      | Entered Level 5 of the Dungeon
  4941 | D:5      | Noticed a sky beast
  5008 | D:5      | Gained mutation: You are slightly more attuned to the
                  | shadows. [demonic ancestry]
  5008 | D:5      | Reached XP level 7. HP: 35/57 MP: 7/9
  6591 | D:5      | Reached skill level 1 in Charms
  6757 | D:5      | Gained mutation: You are significantly more attuned to the
                  | shadows. [demonic ancestry]
  6757 | D:5      | Reached XP level 8. HP: 34/64 MP: 11/11
 10043 | D:7      | Reached *** piety under Kikubaaqudgha
 10043 | D:7      | Identified Kikubaaqudgha's Volume of Evil (Kikubaaqudgha
                  | gifted it to you on level 7 of the Dungeon)
 10043 | D:7      | Received a gift from Kikubaaqudgha
 10103 | D:7      | Learned a level 5 spell: Borgnjor's Vile Clutch
 10118 | D:7      | Gained mutation: You have a pair of small antennae on your
                  | head. [demonic ancestry]
 10118 | D:7      | Reached XP level 9. HP: 64/71 MP: 7/14
 10808 | D:7      | Reached skill level 1 in Earth Magic
 11134 | D:7      | Reached skill level 5 in Necromancy
 11373 | D:7      | Got a slimy short sword
 12022 | D:8      | Noticed a two-headed ogre
 12409 | D:7      | Noticed Joseph
 13103 | D:8      | Found a shimmering altar of Xom.
 13467 | D:9      | Noticed Harold
 13817 | D:9      | Found a staircase to the Lair.
 14094 | D:8      | Gained mutation: When hurt, damage is shared between your
                  | health and your magic reserves. [demonic ancestry]
 14094 | D:8      | Reached XP level 10. HP: 41/81 MP: 16/16
 14756 | D:9      | Identified the +1 rapier of Bad Pest {pain, *Slow MR+
                  | Int+5}
 15484 | D:10     | Entered Level 10 of the Dungeon
 15752 | D:10     | Found a portal to a secret trove of treasure.
 16090 | D:10     | Noticed a two-headed ogre
 16116 | D:10     | Killed a two-headed ogre
 16516 | D:10     | Reached skill level 5 in Spellcasting
 16553 | D:10     | Noticed a red ugly thing
 16566 | D:10     | Killed a brown ugly thing
 16579 | D:10     | Reached **** piety under Kikubaaqudgha
 17534 | D:10     | Gained mutation: You have a pair of antennae on your head.
                  | [demonic ancestry]
 17534 | D:10     | Reached XP level 11. HP: 88/88 MP: 0/18
 18262 | D:11     | Found a staircase to the Orcish Mines.
 18689 | D:11     | Noticed a green ugly thing
 18701 | D:11     | Killed a green ugly thing
 19426 | D:11     | Reached ***** piety under Kikubaaqudgha
 19593 | D:11     | Identified the +1 rapier "Xudghihut" {pierce, MP+9 Int+4}
 19813 | Lair:1   | Entered Level 1 of the Lair of Beasts
 20112 | Lair:1   | HP: 3/90 [black mamba (12)]
 20115 | Lair:1   | Slain by a black mamba

Levels and vault maps discovered:
D:1:      dpeg_arrival_signposts, layout_basic, st_stairs_4,
          hangedman_decor_clover_reticule, kennysheep_doodads,
          chequers_serial_rivers_large_a
D:2:      layout_loops_ring, kennysheep_ying_yang, ashenzari_altar_1,
          uniq_terence, uniq_sigmund
D:3:      layout_rooms, chequers_temple_overflow_minitemple, uniq_grinder
D:4:      layout_loops_ring, minmay_temple_entry_arrows
D:5:      minmay_chambers_of_threes, layout_basic, first_ration
D:6:      layout_basic
D:7:      layout_basic, enter_bailey_7, minmay_increasing_density, uniq_joseph
D:8:      layout_loops_ring, kennysheep_mini
D:9:      layout_gridville, david_lair_generic, blue_anna_alchemist
          [blue_anna_fruit_fields, blue_anna_fruit_fields],
          jmf_multi_god_temple2, uniq_harold
D:10:     minmay_quarter_circles, layout_cave_pods, enter_trove_1,
          kennysheep_small_circle
D:11:     layout_rooms, orc_0_dummy
Temple:   regret_index_temple_waves
Lair:1:   layout_small_grid, special_room [special_room_bee],
          infiniplex_staircase_pool_2, lemuel_fruit_fields,
          serial_bayou_shore_b, uniq_nergalle

Skill      XL: |  1  2  3  4  5  6  7  8  9 10 11 |
---------------+----------------------------------+-----
Polearms       | 3 4 5 6 7 8 9 |  9.2
Fighting       | 4 5 6 7 8 9 |  9.9
Necromancy     | 1 3 4 6 7 8 |  8.4
Spellcasting   | 1 2 3 4 5 |  5.5
Charms         | 1 2 3 4 |  4.8
Earth Magic    | 2 3 |  3.9
Armour         | |  0.2
Dodging        | |  2.7
Stealth        | |  1.7

Action                   |  1- 3 |  4- 6 |  7- 9 | 10-12 || total
-------------------------+-------+-------+-------+-------++-------
Melee: Spear             |   163 |   307 |   232 |       ||   702
       Scythe            |       |    12 |   214 |       ||   226
       Halberd           |       |       |   131 |   343 ||   474
Throw: Dart              |    14 |    16 |    58 |    12 ||   100
       Stone             |     1 |     7 |     8 |       ||    16
 Cast: Animate Skeleton  |       |     1 |    37 |    43 ||    81
       Pain              |       |       |    47 |   128 ||   175
       Regeneration      |       |       |     6 |    12 ||    18
       Borgnjor's Vile C |       |       |       |     2 ||     2
Invok: Receive Corpses   |       |       |     4 |     5 ||     9
Evoke: Wand              |       |       |     4 |    12 ||    16
  Use: Scroll            |     3 |     5 |    12 |     7 ||    27
       Potion            |     1 |     2 |     6 |     9 ||    18
 Stab: Distracted        |     1 |       |     6 |     3 ||    10
       Sleeping          |     1 |     4 |    18 |     4 ||    27
       Invisible         |       |       |       |     8 ||     8
  Eat: Chunk             |     3 |    10 |    21 |    17 ||    51
       Ration            |       |       |     4 |     2 ||     6
Armor: Scale mail        |    43 |    92 |    55 |       ||   190
       Ring mail         |       |       |   104 |    54 ||   158
       Leather armour    |       |       |       |    37 ||    37
Dodge: Dodged            |    75 |   152 |   311 |   275 ||   813
